 Dungeon Crawl Stone Soup version 0.28.0-1-gb440e238dd (webtiles) character file.

Game seed: 9290102841200618405

77 mkm the Firebug (level 4, -8/24 HPs)
             Began as a Deep Elf Fire Elementalist on Feb 14, 2022.
             Mangled by Natasha (9 damage)
             ... on level 2 of the Dungeon on Feb 20, 2022.
             The game lasted 00:07:04 (2159 turns).

mkm the Firebug (Deep Elf Fire Elementalist)        Turns: 2159, Time: 00:07:05

Health: -8/24      AC:  3    Str:  5    XL:     4   Next: 14%
Magic:  7/11       EV: 12    Int: 22    God:
Gold:   44         SH:  6    Dex: 15    Spells: 9/10 levels left

rFire   . . .      SeeInvis .   o - staff of poison
rCold   . . .      Faith    .   g - +2 buckler
rNeg    . . .      Spirit   .   a - +0 robe
rPois   +          Reflect  .   (no helmet)
rElec   .          Harm     .   i - +0 cloak
rCorr   .          Rampage  .   (no gloves)
Will    .....                   (no boots)
Stlth   ++........              (no amulet)
HPRegen 0.08/turn               (no ring)
MPRegen 0.12/turn               (no ring)

@: no status effects
A: no striking features
a: no special abilities


You were on level 2 of the Dungeon.
You visited 1 branch of the dungeon, and saw 2 of its levels.

You collected 44 gold pieces.

Inventory:

Hand Weapons
 j - a +2 whip of draining
Armour
 a - a +0 robe (worn)
 g - a +2 buckler (worn)
 i - a +0 cloak (worn)
Magical Staves
 o - a staff of poison (weapon)
Scrolls
 b - a scroll of vulnerability {unknown}
 d - a scroll of magic mapping {unknown}
 f - 2 scrolls of identify {unknown}
 m - a scroll of immolation {unknown}
 n - a scroll of enchant armour {unknown}
 p - a scroll of teleportation {unknown}
Potions
 c - a potion of brilliance {unknown}
 e - a potion of heal wounds {unknown}
 h - a potion of haste {unknown}
 k - a potion of resistance {unknown}
 l - a potion of attraction {unknown}


   Skills:
 + Level 0.9 Fighting
 + Level 3.0 Dodging
 + Level 3.2 Stealth
 + Level 0.4 Shields
 + Level 3.5 Spellcasting
 + Level 2.0 Conjurations
 + Level 3.8 Fire Magic


You had 9 spell levels left.
You knew the following spells:

 Your Spells              Type           Power      Damage    Failure   Level
a - Foxfire               Conj/Fire      64%        2x1d7     4%          1

Your spell library contained the following spells:

 Spells                   Type           Power      Damage    Failure   Level
 Scorch                   Fire           40%        2d7       4%          2
 Conjure Flame            Conj/Fire      16%        6-21      14%         3
 Inner Flame              Hex/Fire       12%        N/A       22%         3
 Call Canine Familiar     Summ           3%         N/A       43%         3
 Portal Projectile        Hex/Tloc       6%         N/A       43%         3
 Flame Wave               Conj/Fire      16%        2d6       43%         4
 Leda's Liquefaction      Hex/Erth       1%         N/A       85%         4


Dungeon Overview and Level Annotations

Branches:
Dungeon (2/15)

Altars:
Cheibriados

Annotations:
D:2 Natasha


Message History

The crimson imp hits you but does no damage.
Natasha claws you.
The foxfire hits Natasha.
Natasha is heavily wounded.
The foxfire hits the crimson imp.
The crimson imp completely resists.
The crimson imp hits you but does no damage.
Natasha barely misses you.
The crimson imp blinks!
You conjure some foxfire!
You block the crimson imp's attack. Natasha closely misses you.
The foxfire hits Natasha.
Natasha is severely wounded.
The foxfire hits the crimson imp.
The crimson imp completely resists.
The crimson imp hits you but does no damage.
Natasha drinks a potion.
Natasha is healed!
You conjure some foxfire!
The crimson imp hits you. You block Natasha's attack.
The foxfire hits Natasha but does no damage.
Natasha is moderately wounded.
The foxfire hits the crimson imp.
The crimson imp completely resists.
The crimson imp misses you. Natasha casts a spell at you.
The magic dart hits you!
You are too injured to fight recklessly!
The crimson imp hits you.
* * * LOW HITPOINT WARNING * * *
Natasha claws you.
* * * LOW HITPOINT WARNING * * *
The crimson imp blinks!
You are too injured to fight recklessly!
The crimson imp closely misses you. Natasha barely misses you.
The crimson imp closely misses you.
The crimson imp sputters.
The crimson imp closely misses you. The crimson imp misses you.
You are too injured to fight recklessly!
Natasha wildly gestures.
You feel troubled. The crimson imp closely misses you.
You hit Natasha but do no damage.
Natasha is moderately wounded.
Natasha claws you!
You die...

.#.....#........#
.#...#.#####.##.#
.#.#............#
.#.#.#.......#..##
.#.#.......#.#...#
.#.#..#......#...#
.#.#..#.##...#.#.#
.#.#..#.####.#.#5#
.#.#..#.#.....5h@#
.# ####.#.####.###
## ..# ...# ###
#####


You could see Natasha and 2 crimson imps.

Vanquished Creatures
  Terence (D:2)
  2 worms (D:2)
  5 endoplasms
  4 hobgoblins
  4 jackals
  2 quokkas
  7 ball pythons
  3 bats
  A frilled lizard (D:1)
  6 goblins
  4 kobolds (D:1)
  9 rats
48 creatures vanquished.

Vanquished Creatures (others)
  172 foxfires
172 creatures vanquished.

Grand Total: 220 creatures vanquished

Notes
Turn   | Place    | Note
-------+----------+-------------------------------------------
     0 | D:1      | mkm the Deep Elf Fire Elementalist began the quest for the
                  | Orb.
     0 | D:1      | Reached XP level 1. HP: 10/10 MP: 6/6
     0 | D:1      | Upgraded the game from 0.28.0 to 0.28.0-1-gb440e238dd
   233 | D:1      | Reached XP level 2. HP: 15/15 MP: 5/8
   911 | D:1      | Reached XP level 3. HP: 20/20 MP: 6/9
  1038 | D:2      | Noticed Terence
  1053 | D:2      | Killed Terence
  1652 | D:2      | Reached XP level 4. HP: 24/24 MP: 11/11
  1704 | D:2      | Found a snail-covered altar of Cheibriados.
  2140 | D:2      | Noticed Natasha
  2154 | D:2      | HP: 1/24 [Natasha (4)]
  2159 | D:2      | Mangled by Natasha

Illustrated notes

Levels and vault maps discovered:
D:1:      dpeg_arrival_shelter, layout_rooms, minmay_ruptured
D:2:      layout_basic, basic_altar, dk_vineyard_3, minmay_misc_feat_nine_boxes,
          nicolae_elevator_lobby_plus, uniq_natasha, uniq_terence

Skill      XL: |  1  2  3  4 |
---------------+-------------+-----
Stealth        | 3 |  3.2
Conjurations   | 2 |  2.0
Dodging        | 3 |  3.0
Fighting       | |  0.9
Shields        | |  0.4
Spellcasting   | |  3.5
Fire Magic     | |  3.8

Action                   |  1- 3 |  4- 6 || total
-------------------------+-------+-------++-------
Melee: Short sword       |     2 |       ||     2
       Whip              |     5 |       ||     5
       Staff             |       |     1 ||     1
 Cast: Foxfire           |    79 |    23 ||   102
Armor: Robe              |     1 |     4 ||     5
Dodge: Dodged            |     9 |    11 ||    20
Block: Buckler           |    11 |     3 ||    14
